 Dungeon Crawl Stone Soup version 0.18-a0-1303-g41c131c (webtiles) character file.

12016 ololoev the Arsonist (level 11, -6/54 HPs)
             Began as a Deep Elf Fire Elementalist on Feb 11, 2016.
             Was the Champion of Sif Muna.
             Killed from afar by an orc sorcerer (13 damage)
             ... with a bolt of fire
             ... on level 2 of the Orcish Mines on Feb 12, 2016.
             The game lasted 01:10:19 (5331 turns).

ololoev the Arsonist (Deep Elf Fire Elementalist)   Turns: 5331, Time: 01:10:19

Health: -6/54      AC: 12    Str:  5    XL:     11   Next: 56%
Magic:  19/28      EV: 12    Int: 24    God:    Sif Muna [******]
Gold:   637        SH:  0    Dex: 15    Spells: 7 memorised, 12 levels left

rFire  . . .     SeeInvis .     a - +4 short sword (protect)
rCold  + . .     Gourm    .     J - troll hide
rNeg   . . .     Faith    .     (no shield)
rPois  .         Spirit   .     (no helmet)
rElec  .         Dismiss  .     (no cloak)
rCorr  .         Reflect  .     r - +2 pair of gloves
SustAt .         Harm     .     I - +1 pair of boots
MR     +....                    (no amulet)
Stlth  ++........               (no ring)
                                y - ring of protection from cold

@: repel missiles, somewhat resistant to hostile enchantments, unstealthy
A: no striking features
a: Channel Energy, Forget Spell, Renounce Religion

Inventory:

Hand Weapons
 a - a +4 short sword of protection (weapon)
Armour
 r - a +2 pair of gloves (worn)
 D - a +0 robe
 I - a +1 pair of boots (worn)
 J - a troll hide (worn)
Jewellery
 y - a ring of protection from cold (left hand)
Wands
 q - a wand of heal wounds (3/9)
 H - a wand of lightning (8/15)
 N - a wand of digging (20/24)
Scrolls
 e - 3 scrolls of teleportation
 g - 3 scrolls of remove curse
 n - a scroll of blinking
 s - a scroll of amnesia
 x - 2 scrolls of fog
Potions
 d - 2 potions of brilliance {unknown}
 f - a potion of ambrosia {unknown}
 h - 6 potions of curing
 i - 2 potions of berserk rage
 j - 3 potions of agility
 k - a potion of mutation {unknown}
 l - 2 potions of might
 m - 5 potions of degeneration {unknown}
 o - 2 potions of flight {unknown}
 p - 4 potions of lignification {unknown}
 v - a potion of cure mutation {unknown}
 B - 2 potions of magic
 C - a potion of haste
Comestibles
 b - 3 chunks of flesh
 c - 4 bread rations
 w - 5 royal jellies
 z - 9 fruits
 A - a beef jerky
 F - 2 meat rations


   Skills:
 - Level 2.4 Dodging
 - Level 2.4 Stealth
 + Level 11.0 Spellcasting
 * Level 11.4 Conjurations
 * Level 11.6 Fire Magic
 + Level 8.5 Invocations


You had 12 spell levels left.
You knew the following spells:

 Your Spells              Type           Power        Failure   Level  Hunger
a - Flame Tongue          Conj/Fire      #####        1%          1    None
b - Conjure Flame         Conj/Fire      ######..     1%          3    None
c - Sticky Flame          Conj/Fire      ######..     1%          4    None
d - Fireball              Conj/Fire      ######....   1%          5    ####...
e - Inner Flame           Hex/Fire       #####...     1%          3    None
k - Blink                 Tloc           N/A          14%         2    None
r - Repel Missiles        Chrm/Air       ##....       14%         2    None


You were on level 2 of the Orcish Mines.
You worshipped Sif Muna.
Sif Muna was exalted by your worship.
You were hungry.

You visited 3 branches of the dungeon, and saw 14 of its levels.
You also visited: Ossuary.

You collected 949 gold pieces.
You spent 312 gold pieces at shops.

#....##### #.[...#
#....## ##..#.## ##.###
#..)#)### ## ## ####
###....)..###.##
##..###..........#...#
###....#..............#
##....)..#.)........#..##
#......)))....#....##...#
##..#.)...@..###.......##
###....)(....###.......#
##..%:....###.......##
#..§.....# ##...#...###
#..o§4#.## #.........#
#..)§§#.# ##.........
#8)..8### #..........
#).%..# ##.........
#...o.# ##.#........

Notes
Turn   | Place    | Note
--------------------------------------------------------------
     0 | D:1      | ololoev the Deep Elf Fire Elementalist began the quest for the Orb.
     0 | D:1      | Reached XP level 1. HP: 10/10 MP: 6/6
   111 | D:1      | Reached XP level 2. HP: 15/15 MP: 2/8
   363 | D:2      | Reached XP level 3. HP: 16/19 MP: 5/10
   368 | D:2      | Learned a level 3 spell: Conjure Flame
   372 | D:2      | Learned a level 3 spell: Inner Flame
   445 | D:2      | Found an oddly glowing altar of Pakellas.
   522 | D:4      | Reached skill level 4 in Spellcasting
   557 | D:4      | Found a staircase to the Ecumenical Temple.
   558 | D:4      | Noticed Edmund
   583 | Temple   | Entered the Ecumenical Temple
   587 | Temple   | Became a worshipper of Sif Muna the Loreminder
   631 | D:4      | Noticed a hungry ghost
   848 | D:4      | Killed Edmund
   848 | D:4      | Reached XP level 4. HP: 24/24 MP: 0/12
   848 | D:4      | Reached XP level 5. HP: 28/28 MP: 0/13
   854 | D:4      | Learned a level 4 spell: Sticky Flame
   953 | D:5      | Entered Level 5 of the Dungeon
   984 | D:5      | Reached skill level 1 in Invocations
  1018 | D:5      | Found a sand-covered staircase.
  1022 | Ossuary  | Entered an ossuary
  1055 | Ossuary  | Reached * piety under Sif Muna
  1055 | Ossuary  | Reached skill level 5 in Spellcasting
  1055 | Ossuary  | Reached XP level 6. HP: 24/32 MP: 1/15
  1359 | Ossuary  | Reached skill level 5 in Fire Magic
  1410 | Ossuary  | Reached XP level 7. HP: 29/36 MP: 12/17
  1419 | Ossuary  | Learned a level 5 spell: Fireball
  1441 | Ossuary  | Reached skill level 6 in Spellcasting
  1441 | Ossuary  | Reached skill level 5 in Conjurations
  1470 | Ossuary  | xeno23: чому ты в транк играешь?
  1473 | Ossuary  | xeno23: он же говно
  1473 | Ossuary  | ololoev: почему говно?
  1473 | Ossuary  | xeno23: ну столько вырезали всего
  1473 | Ossuary  | xeno23: вон фейз шифт, стоунскин
  1473 | Ossuary  | xeno23: и кучу еще
  1473 | Ossuary  | ololoev: но и добавили тоже всякой фигни прикольной
  1473 | Ossuary  | ololoev: стоунскин я не юзал
  1473 | Ossuary  | ololoev: фейз шифт очень очень редко юзал
  1488 | Ossuary  | xeno23: щит выпилили ледяной, рмут
  1489 | Ossuary  | xeno23: орков порезали
  1489 | Ossuary  | ololoev: лучший рмут это некромут
  1489 | Ossuary  | ololoev: щитом не пользовался
  1489 | Ossuary  | xeno23: то есть тебе норм транк?
  1489 | Ossuary  | ololoev: орки удобнее стали когда короткие, раньше задолбаешься по этим не соединенным этажам лазить
  1489 | Ossuary  | ololoev: в целом я поддерживаю изменения
  1489 | Ossuary  | ololoev: дургие дело некоторые вырезания стоило поменять а не вырезать
  1489 | Ossuary  | xeno23: ну так в этом и была фишка орков, исследовать нелинейные уровни
  1489 | Ossuary  | xeno23: лучший бранч был
  1489 | Ossuary  | ololoev: хз, меня уже достало этих орков исследовать
  1489 | Ossuary  | xeno23: ну вот из всех изменений последних мне рмут только понравилось что убрали
  1489 | Ossuary  | ololoev: дэвам тот же фейз шифт надо склеить с голубрией и сделать его постоянным, как репел
  1489 | Ossuary  | ololoev: я по-моему в таверне предложил, посмотрим что скажут
  1489 | Ossuary  | xeno23: чем фейз шифт плох был?
  1489 | Ossuary  | xeno23: он неплохо так ев бафал
  1489 | Ossuary  | xeno23: на ~10 примерно, годный такой бафф
  1489 | Ossuary  | ololoev: фейз шифт хороший бафф для ЕВ, баффал на +8
  1489 | Ossuary  | ololoev: если у тебя уже есть 20 то это очень круто
  1489 | Ossuary  | ololoev: но просто он редко падал, редко под него стоило качать столько транслоков,
  1489 | Ossuary  | xeno23: ну если в цблинк идешь то стоит
  1489 | Ossuary  | ololoev: я редко ходил в цблинк
  1489 | Ossuary  | ololoev: раза 3 всего
  1489 | Ossuary  | xeno23: вот, пауков еще выпилили
  1489 | Ossuary  | ololoev: мне обычно свитков хватало
  1489 | Ossuary  | ololoev: пауков?
  1489 | Ossuary  | xeno23: ну которые трапдур
  1489 | Ossuary  | ololoev: а, ну и нафиг нужны
  1489 | Ossuary  | xeno23: или как там назывались
  1491 | Ossuary  | xeno23: ну идешь ты по паукам и тут бац
  1493 | Ossuary  | xeno23: тебе жрет паук
  1493 | Ossuary  | xeno23: охуенно же
  1493 | Ossuary  | ololoev: да они же слабые
  1493 | Ossuary  | ololoev: затабываются ан раз
  1493 | Ossuary  | xeno23: но зато внезапно
  1493 | Ossuary  | xeno23: больше таких мобов в игре нет
  1493 | Ossuary  | xeno23: хотя в транке новых неплохо добавили тоже
  1493 | Ossuary  | ololoev: да тут скорее нужны какие-нибудь моб, которые заставляют подумать
  1493 | Ossuary  | ololoev: а не те, которые служат просто прерыванием лдя автоэксплора
  1493 | Ossuary  | xeno23: ну можно было баффнуть их
  1603 | D:5      | Found Mujy's Armour Shoppe.
  1800 | D:7      | Reached ** piety under Sif Muna
  1824 | D:6      | Upgraded the game from 0.18-a0-1300-g6e8322c to 0.18-a0-1303-g41c131c
  1877 | D:6      | Reached XP level 8. HP: 19/41 MP: 12/20
  1893 | D:6      | Found Ehalu's Distillery.
  1900 | D:6      | Bought a potion of heal wounds for 50 gold pieces
  1900 | D:6      | Bought a potion of curing for 30 gold pieces
  1900 | D:6      | Bought a potion of magic for 80 gold pieces
  1952 | D:7      | Reached skill level 7 in Spellcasting
  2047 | D:8      | Identified Sif Muna's Volume of the Congealing Escort
  2157 | D:8      | Reached skill level 5 in Invocations
  2209 | D:8      | Reached *** piety under Sif Muna
  2209 | D:8      | Reached skill level 8 in Spellcasting
  2404 | D:6      | Bought a potion of agility for 40 gold pieces
  2617 | D:7      | Reached XP level 9. HP: 45/45 MP: 9/23
  2731 | D:8      | Noticed a troll
  2818 | D:8      | Noticed a queen bee
  2821 | D:8      | Killed a queen bee
  2821 | D:8      | Reached **** piety under Sif Muna
  2857 | D:8      | Killed a troll
  2857 | D:8      | Reached skill level 9 in Spellcasting
  2961 | D:8      | Learned a level 2 spell: Blink
  2964 | D:8      | Learned a level 2 spell: Repel Missiles
  3059 | D:8      | Found an opulent altar of Gozag.
  3166 | D:10     | Entered Level 10 of the Dungeon
  3166 | D:10     | Noticed a guardian serpent
  3166 | D:10     | Noticed a troll
  3209 | D:10     | Found a staircase to the Orcish Mines.
  3254 | D:10     | Reached ***** piety under Sif Muna
  3320 | D:10     | Killed a troll
  3320 | D:10     | Reached XP level 10. HP: 47/50 MP: 0/25
  3408 | D:10     | Killed a guardian serpent
  3803 | D:9      | Reached skill level 10 in Fire Magic
  3942 | D:9      | Reached skill level 10 in Conjurations
  4088 | D:11     | Noticed a hill giant
  4090 | D:11     | Got a glittering tin ring
  4104 | D:11     | Killed a hill giant
  4104 | D:11     | Reached ****** piety under Sif Muna
  4104 | D:11     | Received a gift from Sif Muna
  4104 | D:11     | Reached skill level 10 in Spellcasting
  4105 | D:11     | Identified Avokk's Almanac of Attacks (Sif Muna gifted it to you on level 11 of the Dungeon)
  4107 | D:11     | Noticed Psyche
  4118 | D:11     | Killed Psyche
  4150 | D:10     | Identified the ring of the Echidna {rC- EV+1 Str+4} (You found it on level 11 of the Dungeon)
  4258 | D:10     | Found a staircase to the Lair.
  4451 | D:10     | Reached XP level 11. HP: 54/54 MP: 10/27
  4483 | Orc:1    | Entered Level 1 of the Orcish Mines
  4529 | Orc:1    | Noticed Harold
  4537 | Orc:1    | Killed Harold
  4537 | Orc:1    | Reached skill level 11 in Fire Magic
  4658 | Orc:1    | Found Xuedenei's Antique Armour Boutique.
  4669 | Orc:1    | Bought a pair of runed gloves for 112 gold pieces
  4718 | Orc:2    | Entered Level 2 of the Orcish Mines
  4718 | Orc:2    | Found a bloodstained altar of Trog.
  4799 | Orc:2    | Found Haank's Assorted Antiques.
  4831 | Orc:1    | Noticed an orc sorcerer
  4831 | Orc:1    | Paralysed by an orc sorcerer for 7 turns
  4832 | Orc:1    | Noticed an orc warlord
  4846 | Orc:2    | Killed an orc sorcerer
  5112 | Orc:2    | Found a staircase to the Elven Halls.
  5128 | Orc:2    | Noticed an orc sorcerer
  5147 | Orc:2    | Noticed an orc sorcerer
  5153 | Orc:2    | Noticed an orc high priest
  5218 | Orc:2    | Noticed an orc knight
  5231 | Orc:2    | Killed an orc knight
  5269 | Orc:2    | Noticed an orc sorcerer
  5272 | Orc:2    | Killed an orc sorcerer
  5319 | Orc:2    | Noticed a sun demon
  5322 | Orc:2    | Killed an orc high priest
  5322 | Orc:2    | Received a gift from Sif Muna
  5330 | Orc:2    | Noticed Urug
  5331 | Orc:2    | Killed from afar by an orc sorcerer

Dungeon Overview and Level Annotations

Branches:
Dungeon (11/15)            Temple (1/1) D:4            Lair (0/8) D:10
    Orc (2/2) D:10            Elf (0/3) Orc:2

Altars:
Cheibriados
Dithmenos
Elyvilon
Fedhas
Gozag
Kikubaaqudgha
Makhleb
Okawaru
Pakellas
Qazlal
Ru
Sif Muna
Trog
Xom
Yredelemnul

Shops:
D:5 [   D:6 !   Orc:1 [   Orc:2 *

Annotations:
Orc:2 exclusion: upstairs, Urug


Message History

Unknown command.
Use which ability? (? or * to list)
You channel some magical energy.
You feel somewhat more hungry.
Casting: Fireball
Confirm with . or Enter, or press ? or * to list all spells.
Aiming: Fireball
Press: ? - help, Shift-Dir - straight line, f - orc priest
Aim: an orc priest, wielding a hand axe and wearing a ring mail The fireball explodes!
The fireball engulfs the orc priest.
The orc priest is almost dead.
The orc priest calls down the wrath of Beogh upon you.
Something smites you!
Drink which item? (? for menu, Esc to quit)
You feel better.
Casting: Fireball
Confirm with . or Enter, or press ? or * to list all spells.
Aiming: Flame Tongue
Press: ? - help, Shift-Dir - straight line, f/p - orc priest
Aim: an orc priest, wielding a hand axe and wearing a ring mail (almost dead)
The flame tongue hits the orc priest.
The orc priest appears unharmed.
The orc priest is almost dead.
The orc sorcerer casts a spell.
The orc priest calls down the wrath of Beogh upon you.
You resist with significant effort.
Drink which item? (? for menu, Esc to quit)
You feel better.
Drink which item? (? for menu, Esc to quit)
Magic courses through your body.
Urug the Orcish Ballista comes into view.
He is wielding a bardiche.
Casting: Flame Tongue
Confirm with . or Enter, or press ? or * to list all spells.
Aiming: Sticky Flame
Press: ? - help, Shift-Dir - straight line, f/p - orc priest
Aim: an orc priest, wielding a hand axe and wearing a ring mail (almost dead)
The sticky flame hits the orc priest.
You kill the orc priest!
Urug throws a javelin.
The javelin hits you!!
The orc sorcerer gestures at you while chanting.
The bolt of fire hits you!
You die...

You could see a rust devil and an orc sorcerer.

Vanquished Creatures
  Harold (Orc:1)
  An orc high priest (Orc:2)
  A hill giant (D:11)
  2 orc sorcerers (Orc:2)
  An orc knight (Orc:2)
  Psyche (D:11)
  A guardian serpent (D:10)
  A queen bee (D:8)
  6 trolls
  2 hungry ghosts
  2 wargs (Orc:2)
  Edmund (D:4)
  A water moccasin (D:8)
  A black bear (D:10)
  12 orc warriors
  3 phantoms
  A necrophage (D:10)
  2 ice beasts
  5 ogres
  2 centaurs
  A crocodile (D:10)
  A big kobold (D:9)
  2 elf zombies (Ossuary)
  2 giant frogs
  A troll zombie (D:10)
  38 killer bees
  A giant frog zombie (D:9)
  4 centaur zombies
  3 quasits
  2 hounds
  A human zombie (Ossuary)
  A jelly (D:8)
  11 orc priests
  A giant frog skeleton (D:6)
  A gnoll shaman (Orc:2)
  An iguana (D:4)
  15 orc wizards
  3 worker ants
  9 ogre zombies
  2 hound zombies (D:10)
  7 mummies (Ossuary)
  4 gnolls (Orc:2)
  8 adders
  2 river rats (D:10)
  A shadow imp (D:10)
  8 adder zombies (Ossuary)
  25 orcs
  3 ball pythons
  12 bats
  2 giant cockroaches
  3 goblins
  5 hobgoblins
  8 jackals
  9 kobolds
  A giant gecko skeleton (D:8)
  A giant newt (D:2)
  A goblin skeleton (D:10)
  7 goblin zombies
  2 hobgoblin skeletons (D:10)
  7 hobgoblin zombies
  A jackal skeleton (D:4)
  4 kobold zombies (Ossuary)
  3 orc skeletons (D:10)
  11 orc zombies (D:10)
  A quokka skeleton (D:4)
  A quokka zombie (Ossuary)
  12 rats
  2 rat zombies (Ossuary)
298 creatures vanquished.

Vanquished Creatures (others)
  14 fungi (D:10)
  4 plants (D:10)
18 creatures vanquished.

Grand Total: 316 creatures vanquished

Action                   |  1- 3 |  4- 6 |  7- 9 | 10-12 || total
-------------------------+-------+-------+-------+-------++-------
Melee: Unarmed           |    12 |    34 |       |       ||    46
       Short sword       |       |       |       |     5 ||     5
       Morningstar       |       |       |       |     2 ||     2
 Cast: Flame Tongue      |    63 |    23 |    84 |    62 ||   232
       Conjure Flame     |     4 |    16 |    41 |    13 ||    74
       Inner Flame       |     1 |       |    15 |    15 ||    31
       Sticky Flame      |       |     2 |    14 |    21 ||    37
       Fireball          |       |       |    33 |    82 ||   115
       Repel Missiles    |       |       |     1 |     1 ||     2
       Blink             |       |       |       |     1 ||     1
Invok: Channel Energy    |       |    11 |   155 |   172 ||   338
Evoke: Wand              |       |       |     3 |       ||     3
  Use: Scroll            |     1 |     3 |     1 |    13 ||    18
       Potion            |       |       |     1 |     4 ||     5
  Eat: Chunk             |       |     3 |    17 |    38 ||    58
       Meat ration       |       |     1 |     1 |     1 ||     3
       Fruit             |       |       |     2 |     2 ||     4
       Bread ration      |       |       |     2 |       ||     2
       Royal jelly       |       |       |     1 |     1 ||     2
       Pizza             |       |       |       |     1 ||     1

Vault maps used:
D:1:      dpeg_arrival_fog
D:2:      grunt_pakellas_sulfur
D:3:      ecumenical_altar_1, serial_forest, infiniplex_forest_side_room,
          infiniplex_forest_corner_1, infiniplex_forest_lined_2,
          infiniplex_forest_lined_room_2, infiniplex_forest_lined_2,
          infiniplex_forest_end_2, infiniplex_forest_straight_2,
          infiniplex_forest_fountain, infiniplex_forest_clump_diagonal,
          minmay_bad_closet
D:4:      old_forge, lemuel_coloured_pillars_altar,
          minmay_temple_entry_junction, first_bread, uniq_edmund
D:5:      lemuel_doored_altar, nicolae_ossuary_entry_plus, serial_shops,
          nicolae_shop_waterfront
D:6:      serial_shops, shop, grunt_ministairs_5
D:8:      grunt_gozag_statues, david_nohive_1, hangedman_abyss_or_decor_passed
D:10:     grunt_lair_entry_orc_guard_hut, zombieorc2_lemuel,
          nrook_guardian_serpent_ordinary
D:11:     kennysheep_generic_room_3, uniq_psyche
Temple:   nicolae_temple_x_marks_the_god_16
Orc:1:    nicolae_orc_accident_3, serial_shops, nicolae_shop_waterfront,
          shop_statue, uniq_harold
Orc:2:    grunt_orc_cross, basic_altar, serial_shops, nicolae_shop_statue_plus
Ossuary:  ossuary_boxes_badplayer
